 Dungeon Sprint DCSS version 0.26-a0-663-g36e8fdb655 (webtiles) character file.

Game seed: 3035389638308225236

535710 olmar the Ghoulish Barricade (level 21, 218/218 HPs)
             Began as a Ghoul Fighter on Oct 12, 2020.
             Was an Initiate of Gozag.
             Escaped with the Orb!
             The game lasted 00:27:09 (4504 turns).

olmar the Ghoulish Barricade (Ghoul Fighter)        Turns: 4504, Time: 00:27:09

Health: 218/218    AC: 50    Str: 34    XL:     21   Next: 24%
Magic:  20/20      EV: 11    Int:  9    God:    Gozag
Gold:   38334      SH: 46    Dex: 17    Spells: 20/20 levels left

rFire    + + +     SeeInvis .   I - +17 lance "Wyrmbane" {slay drac, rPois rF+ rC+ AC+3}
rCold    + + +     Faith    .   H - +18 shield of the Gong {rElec rN+ MR+ EV-5}
rNeg     + + +     Spirit   +   G - +15 Maxwell's patent armour {-Cast -Tele rElec MR+ rCorr}
rPois    ∞         Reflect  .   a - +2 hood of the Assassin {Detection Stab+ Stlth++}
rElec    +         Harm     .   C - scarf {rC+ rF+}
rCorr    +         Rampage  +   N - +2 pair of gloves {Dex+3}
MR       +++..     NoTele   +   m - +2 pair of boots {rampage} Stlth +++.......NoCast +
                                U - brooch of Shielding {Spirit SH+8}
HPRegen  0.00/turn              B - ring "Anypn" {Str+4 Dex+6}
MPRegen  0.17/turn              M - ring of the Original Sin {*Drain +Fly rF+ Int+6 Slay+6 Stlth+}

@: studying 4 skills
A: rotting body, claws 1, cold resistance 1, negative energy resistance 3,
inhibited regeneration, torment resistance, unbreathing
0: Orb of Zot
a: Potion Petition, Call Merchant, Bribe Branch, Renounce Religion, Evoke Flight


You escaped.
You worshipped Gozag.
Gozag was extremely pleased with you.
You visited 1 branch You collected 47367 gold pieces.
You spent 4407 gold pieces at shops.
You paid 4626 gold pieces to Gozag.

Inventory:

Hand Weapons
 F - the cursed +14 obsidian axe {vorpal, +Fly SInv *Curse}
   (You found it in the Dungeon)

   It inflicts extra damage upon your enemies.
   It lets you see invisible.
   It lets you fly.
   It curses itself when equipped.
   It has a curse placed upon it.
 I - the +17 lance "Wyrmbane" (weapon) {slay drac, rPois rF+ rC+ AC+3}
   (You found it in the Dungeon)

   It affects your AC (+3).
   It protects you from fire.
   It protects you from cold.
   It protects you from poison.
Armour
 a - the +2 hood of the Assassin (worn) {Detection Stab+ Stlth++}
   (You found it in the Dungeon)

   It makes you much more stealthy.
 m - a +2 pair of boots of rampaging (worn)
 C - a scarf of resistance (worn)
 G - the +15 Maxwell's patent armour (worn) {-Cast -Tele rElec MR+ rCorr}
   (You found it in the Dungeon)

   It insulates you from electricity.
   It affects your resistance to hostile enchantments.
   It prevents spellcasting.
   It prevents most forms of teleportation.
   It provides partial protection from all sources of acid and corrosion.
 H - the +18 shield of the Gong (worn) {rElec rN+ MR+ EV-5}
   (You found it in the Dungeon)

   It affects your evasion (-5).
   It insulates you from electricity.
   It protects you from negative energy.
   It affects your resistance to hostile enchantments.
 N - a +2 pair of gloves of dexterity (worn)
Jewellery
 B - the ring "Anypn" (left hand) {Str+4 Dex+6}
   (You found it in the Dungeon)

   [ring of dexterity]

   It affects your strength (+4).
   It affects your dexterity (+6).
 M - the ring of the Original Sin (right hand) {*Drain +Fly rF+ Int+6 Slay+6 Stlth+}
   (You bought it in a shop in the Dungeon)

   [ring of protection from fire]

   It affects your intelligence (+6).
   It affects your accuracy and damage with ranged weapons and melee attacks
   (+6).
   It protects you from fire.
   It lets you fly.
   It causes draining when unequipped.
   It makes you more stealthy.
 U - the brooch of Shielding (around neck) {Spirit SH+8}
   (You bought it in a shop in the Dungeon)

   [amulet of guardian spirit]

   It causes incoming damage to be split between your health and magic.
   It affects your SH (+8).
Wands
 t - a wand of disintegration (7)
 u - a wand of iceblast (7)
 v - a wand of acid (7)
Scrolls
 b - 13 scrolls of brand weapon
 i - 4 scrolls of blinking
 p - 8 scrolls of fog
 q - 3 scrolls of identify
 r - 5 scrolls of remove curse
 s - 2 scrolls of fear
 A - 11 scrolls of enchant armour
 D - 3 scrolls of holy word
 K - a scroll of magic mapping
 V - a scroll of silence
 X - a scroll of torment
 Z - 8 scrolls of enchant weapon
Potions
 d - 9 potions of might
 e - 11 potions of curing
 f - 26 potions of heal wounds
 g - 17 potions of haste
 h - 7 potions of magic
 j - 2 potions of brilliance
 l - 3 potions of resistance
 n - 5 potions of stabbing
 P - 2 potions of mutation
 R - 2 potions of flight
 S - a potion of lignification
Books
 w - a manual of Axes
 z - a manual of Poison Magic
 O - a manual of Throwing
 W - a manual of Necromancy
Miscellaneous
 c - a tin of tremorstones (3/3)
 o - a phial of floods
 x - a phantom mirror
 y - a condenser vane (2/2)
 E - a lightning rod (4/4)
 J - a phantom mirror
 L - a box of beasts (3/3)


   Skills:
 + Level 25.5 Fighting
 + Level 24.2 Polearms
 + Level 26.1 Armour
 + Level 10.7 Dodging
 + Level 26.8 Stealth
 O Level 27 Shields
 O Level 27 Evocations


You had 20 spell levels left.
You didn't know any spells.
Your spell library contained the following spells:

 Spells                   Type           Power        Failure   Level
 Animate Skeleton         Necr           #.....       71%         1
 Apportation              Tloc           #.....       71%         1
 Corona                   Hex            #......      71%         1
 Foxfire                  Conj/Fire      #...         71%         1
 Freeze                   Ice            #...         71%         1
 Magic Dart               Conj           #...         71%         1
 Pain                     Necr           #...         71%         1
 Shock                    Conj/Air       #...         71%         1
 Sting                    Tmut/Pois      #...         71%         1
 Summon Small Mammal      Summ           #...         71%         1
 Blink                    Tloc           N/A          83%         2
 Call Imp                 Summ           #.......     83%         2
 Corpse Rot               Necr/Air       N/A          83%         2
 Ensorcelled Hibernation  Hex/Ice        #.....       83%         2
 Passwall                 Tmut/Erth      #.......     83%         2
 Poisonous Vapours        Pois/Air       #.....       83%         2
 Slow                     Hex            #.......     83%         2
 Swiftness                Air            #.......     83%         2
 Call Canine Familiar     Summ           #.......     97%         3
 Confusing Touch          Hex            #.......     97%         3
 Conjure Flame            Conj/Fire      #.......     97%         3
 Dazzling Flash           Conj/Hex       #.....       97%         3
 Frozen Ramparts          Ice            #.....       97%         3
 Gell's Gravitas          Tloc           #.........   97%         3
 Ignite Poison            Fire/Tmut/Pois #.......     97%         3
 Inner Flame              Hex/Fire       #.......     97%         3
 Mephitic Cloud           Conj/Pois/Air  #.......     97%         3
 Ozocubu's Armour         Ice            #.......     97%         3
 Portal Projectile        Hex/Tloc       #.....       97%         3
 Static Discharge         Conj/Air       #.......     97%         3
 Stone Arrow              Conj/Erth      #.....       97%         3
 Summon Guardian Golem    Hex/Summ       #.......     97%         3
 Teleport Other           Tloc           #.......     97%         3
 Tukima's Dance           Hex            #.......     97%         3
 Vampiric Draining        Necr           #.........   97%         3
 Airstrike                Air            #.........   100%        4
 Animate Dead             Necr           #.........   100%        4
 Cause Fear               Hex            #.........   100%        4
 Dispel Undead            Necr           #.......     100%        4
 Fulminant Prism          Conj/Hex       #.........   100%        4
 Hailstorm                Conj/Ice       #.......     100%        4
 Iskenderun's Mystic Bla  Conj/Tloc      #.......     100%        4
 Leda's Liquefaction      Hex/Erth       #.........   100%        4
 Olgreb's Toxic Radiance  Pois           #.......     100%        4
 Petrify                  Tmut/Erth      #.......     100%        4
 Sticky Flame             Conj/Fire      #.......     100%        4
 Summon Ice Beast         Ice/Summ       #.......     100%        4
 Summon Lightning Spire   Summ/Air       #.......     100%        4
 Agony                    Necr           #.......     100%        5
 Alistair's Intoxication  Tmut/Pois      #........    100%        5
 Bolt of Magma            Conj/Fire/Erth #.........   100%        5
 Borgnjor's Vile Clutch   Necr/Erth      #.........   100%        5
 Excruciating Wounds      Necr           #.........   100%        5
 Fireball                 Conj/Fire      #.........   100%        5
 Irradiate                Conj/Tmut      #.........   100%        5
 Iskenderun's Battlesphe  Conj           #.......     100%        5
 Lee's Rapid Deconstruct  Erth           #.........   100%        5
 Lightning Bolt           Conj/Air       #.........   100%        5
 Metabolic Englaciation   Hex/Ice        #.........   100%        5
 Silence                  Hex/Air        #.........   100%        5
 Summon Demon             Summ           #.........   100%        5
 Summon Forest            Summ/Tloc      #.........   100%        5
 Yara's Violent Unravell  Hex/Tmut       #.........   100%        5
 Conjure Ball Lightning   Conj/Air       #.........   100%        6
 Death Channel            Necr           #.........   100%        6
 Dispersal                Tloc           #.........   100%        6
 Eringya's Noxious Bog    Tmut/Pois      #.........   100%        6
 Freezing Cloud           Conj/Ice/Air   #.........   100%        6
 Iron Shot                Conj/Erth      #.........   100%        6
 Ozocubu's Refrigeration  Ice            #.........   100%        6
 Shadow Creatures         Summ           N/A          100%        6
 Simulacrum               Ice/Necr       #.........   100%        6
 Starburst                Conj/Fire      #.........   100%        6
 Haunt                    Necr/Summ      #.........   100%        7
 Malign Gateway           Summ/Tloc      #.........   100%        7
 Monstrous Menagerie      Summ           #.........   100%        7
 Orb of Destruction       Conj           #.........   100%        7
 Spellforged Servitor     Conj/Summ      #.........   100%        7
 Summon Greater Demon     Summ           #.........   100%        7
 Summon Hydra             Summ           #.........   100%        7
 Discord                  Hex            #.........   100%        8
 Ignition                 Fire           #.........   100%        8
 Infestation              Necr           #.........   100%        8
 Summon Horrible Things   Summ           #.........   100%        8
 Dragon's Call            Summ           #.........   100%        9
 Shatter                  Erth           #.........   100%        9
 Tornado                  Air            #.........   100%        9
 Beastly Appendage        Tmut           Unusable     N/A         1
 Sublimation of Blood     Necr           Unusable     N/A         2
 Wereblood                Tmut           Unusable     N/A         2
 Spider Form              Tmut/Pois      Unusable     N/A         3
 Ice Form                 Ice/Tmut       Unusable     N/A         4
 Blade Hands              Tmut           Unusable     N/A         5
 Hydra Form               Tmut           Unusable     N/A         6
 Statue Form              Tmut/Erth      Unusable     N/A         6
 Dragon Form              Tmut           Unusable     N/A         7
 Borgnjor's Revivificati  Necr           Unusable     N/A         8
 Necromutation            Tmut/Necr      Unusable     N/A         8
 Death's Door             Necr           Unusable     N/A         9

Dungeon Overview and Level Annotations

Branches:
Dungeon (1/1)

Altars:
Ashenzari
Cheibriados
Dithmenos
Elyvilon
Fedhas
Gozag
Hepliaklqana
Kikubaaqudgha
Makhleb
Nemelex Xobeh
Okawaru
Qazlal
Ru
Sif Muna
Trog
Uskayaw
Vehumet
Wu Jian
Xom
Yredelemnul
Zin
The Shining One
Beogh
Jiyva
Lugonu

Shops:
D =[?*


Innate Abilities, Weirdness & Mutations

Your body is rotting away.
You thrive by killing the living.
You are immune to poison.
You have sharp fingernails.
Your flesh is cold resistant. (rC+)
You are immune to negative energy. (rN+++)
You do not regenerate when monsters are visible.
You are immune to unholy pain and torment.
You can survive without breathing.


Message History

You see here an uncursed staff of conjuration.
You see here a phial of floods.
You see here an uncursed staff of fire.
You see here the cursed +0 scimitar "Tiepnaro" {vorpal, Str+4}.
You see here a +1 tower shield of reflection.
There is a transporter here.
An exit appears before you!
You enter the transporter and appear at another place.
Found the Orb of Zot.
Found a staircase leading out of the dungeon.
Unknown command.
You see here the Orb of Zot.
You pick up the Orb of Zot!
The Orb lets out a hideous shriek!
The lords of Pandemonium are not amused.
Beware!
Now all you have to do is get back out of the dungeon!
A red devil comes into view. It is wielding a +0 trident.
There is a staircase leading out of the dungeon here.
You block the red devil's attack.
GONNNNG!
You have escaped!

)...))))....▓..▓..)))..▓..▓...8©8
...)(.|)....▓.▓▓▓.....▓▓▓.▓..|))|
..)).)).....▓..▓.......▓..▓...))[
...)))......▓.............▓......
...)()......▓......©......▓......
............▓▓▓▓▓▓▓▓▓▓▓▓▓▓▓......
▓.......▓...▓8888888888888▓......
▓▓.....▓▓▓..▓8...........8▓..▓...
▓.......▓...▓8..@.....©..8▓.▓....
............▓8....4......8▓....©.
....©.......▓8888888888888▓▓▓▓▓▓▓
▓▓▓▓▓▓▓▓▓▓▓▓▓▓▓▓▓▓▓▓▓▓▓▓▓▓▓▓▓▓▓▓▓
.....8©8........▓........8©8.....
|}.}.:).)).|)[..▓.))[[..|[|})..|}
|.}.[|.})[|.|.[.▓.)})(|(.)(.)|)|}
[.|.|[).)..=)=}.▓.[)})()).(()())|
................▓.......()|()(...


You could see a red devil.

Vanquished Creatures
  2 shard shrikes (shapeshifter) (D)
  A caustic shrike (shapeshifter) (D)
  2 golden dragons (shapeshifter) (D)
  A Tzitzimitl (D)
  An Orb Guardian (D)
  A quicksilver dragon (shapeshifter) (D)
  8 deep elf blademasters (D)
  A titan (shapeshifter) (D)
  A quicksilver dragon (D)
  12 titans (D)
  5 acid blobs (D)
  2 deep elf master archers (D)
  A death cob (D)
  3 shadow dragons (D)
  2 azure jellies (D)
  7 fire giants (D)
  2 draconian monks (D)
  9 frost giants (D)
  4 deep elf sorcerers (D)
  A draconian scorcher (D)
  5 draconian knights (D)
  3 orc warlords (D)
  7 ghouls (D)
  A draconian annihilator (D)
  4 draconian shifters (D)
  A draconian stormcaller (D)
  A very ugly thing (D)
  13 stone giants (D)
  A deep elf demonologist (D)
  4 deep elf annihilators (D)
  A starcursed mass (D)
  11 green draconians (D)
  7 black draconians (D)
  4 yellow draconians (D)
  8 purple draconians (D)
  9 white draconians (D)
  A dire elephant (D)
  13 red draconians (D)
  11 ettins (D)
  6 deep elf high priests (D)
  4 death oozes (D)
  2 yaktaur captains (D)
  A fire dragon (D)
  An ice dragon (D)
  A great orb of eyes (D)
  A boulder beetle (D)
  4 hydras (D)
  A catoblepas (D)
  A vault guard (D)
  A death knight (D)
  2 alligators (shapeshifter) (D)
  A two-headed ogre (shapeshifter) (D)
  A hell hog (D)
  2 shock serpents (shapeshifter) (D)
  An orc high priest (D)
  5 spriggan berserkers (D)
  7 soul eaters (D)
  A wretched star (D)
  2 deep elf knights (D)
  2 hell knights (D)
  A fire crab (shapeshifter) (D)
  2 death drakes (D)
  A deep troll (shapeshifter) (D)
  A spriggan druid (D)
  A flayed ghost (D)
  4 deep elf archers (D)
  A swamp dragon (D)
  2 large abominations (D)
  A glowing orange brain (shapeshifter) (D)
  6 orc knights (D)
  A lindwurm (D)
  A harpy (shapeshifter) (D)
  3 orc sorcerers (D)
  A manticore (shapeshifter) (D)
  A faun (shapeshifter) (D)
  A shining eye (shapeshifter) (D)
  6 deep elf magi (D)
  9 cyclopes (D)
  3 shining eyes (D)
  3 ugly things (D)
  A salamander (shapeshifter) (D)
  2 moths of wrath (D)
  2 moths of wrath (shapeshifter) (D)
  8 black mambas (D)
  A black mamba (shapeshifter) (D)
  3 elephants (D)
  A water nymph (shapeshifter) (D)
  3 torpor snails (D)
  10 cane toads (D)
  4 eyes of devastation (D)
  2 efreet (D)
  A hellion (D)
  A yaktaur (shapeshifter) (D)
  A tormentor (D)
  A komodo dragon (shapeshifter) (D)
  2 rime drakes (D)
  5 komodo dragons (D)
  2 yaktaurs (D)
  An ice devil (D)
  A meliai (shapeshifter) (D)
  2 red devils (D)
  A merfolk (shapeshifter) (D)
  A troll (D)
  3 polar bears (shapeshifter) (D)
  A wind drake (shapeshifter) (D)
  A wind drake (D)
  A hornet (D)
  4 merfolk (D)
  2 snapping turtles (shapeshifter) (D)
  4 blink frogs (D)
  A dream sheep (shapeshifter) (D)
  A dream sheep (D)
  12 slime creatures (D)
  3 spriggans (D)
  2 shadows (D)
  A redback (shapeshifter) (D)
  A tarantella (shapeshifter) (D)
  2 vampires (D)
  A redback (D)
  A small abomination (D)
  A wraith (D)
  6 yaks (D)
  A fire bat (D)
  11 wyverns (D)
  A golden eye (shapeshifter) (D)
  4 golden eyes (D)
  2 steam dragons (D)
  2 fire elementals (D)
  2 basilisks (D)
  A chaos spawn (D)
  A neqoxec (D)
  An insubstantial wisp (D)
  2 wargs (D)
  2 acid dragons (D)
  A swamp worm (shapeshifter) (D)
  3 hell hounds (D)
  11 water moccasins (D)
  2 floating eyes (D)
  3 floating eyes (shapeshifter) (D)
  A swamp drake (D)
  5 orc warriors (D)
  3 black bears (D)
  A phantom (D)
  9 necrophages (D)
  4 ogres (D)
  An eye of draining (shapeshifter) (D)
  4 wolves (D)
  2 centaurs (D)
  3 earth elementals (D)
  6 scorpions (D)
  A wight (D)
  3 crimson imps (D)
  A quasit (D)
  An orc priest (D)
  3 jellies (D)
  5 iron imps (D)
  An adder (D)
  A white imp (D)
  4 ufetubi (D)
  A spectral adder (D)
  3 adder zombies (D)
  8 adder skeletons (D)
  A worm (shapeshifter) (D)
  An orc (shapeshifter) (D)
  7 bat skeletons (D)
  6 bat zombies (D)
  3 ball pythons (D)
  3 giant cockroach zombies (D)
  A jackal skeleton (D)
  A leopard gecko zombie (D)
  A quokka skeleton (D)
  A quokka zombie (D)
  A fire vortex (D)
518 creatures vanquished.

Vanquished Creatures (others)
  A fire giant (D)
  3 dancing weapons (D)
  2 bat skeletons (D)
  A bat zombie (D)
  A giant cockroach zombie (D)
8 creatures vanquished.

Grand Total: 526 creatures vanquished

Notes
Turn   | Place    | Note
-------+----------+-------------------------------------------
     0 | D        | olmar the Ghoul Fighter began the quest for the Orb.
     0 | D        | Reached XP level 1. HP: 19/19 MP: 0/0
     0 | D        | Found a shimmering blue altar of Sif Muna.
     0 | D        | Found a sacrificial altar of Ru.
     0 | D        | Found a bloodstained altar of Trog.
     0 | D        | Found a stormy altar of Qazlal.
     0 | D        | Found an iron altar of Okawaru.
     0 | D        | Found a sparkling altar of Nemelex Xobeh.
     0 | D        | Found a blossoming altar of Fedhas.
     1 | D        | Found the +6 Majin-Bo {vamp, MP+6 Int+6}
     1 | D        | Found the +9 heavy crossbow "Sniper" {vorpal, Acc+∞ SInv}
     1 | D        | Found the +10 dark maul {vorpal}
     1 | D        | Found the +15 Maxwell's patent armour {-Cast -Tele rElec
                  | MR+ rCorr}
     1 | D        | Found the +18 shield of the Gong {rElec rN+ MR+ EV-5}
     1 | D        | Found the cursed +14 obsidian axe {vorpal, +Fly SInv
                  | *Curse}
     1 | D        | Found the +7 great mace "Firestarter" {inner flame, rF++}
     1 | D        | Found the +6 shillelagh "Devastator" {shatter}
     1 | D        | Found the +11 plutonium sword {*Contam Stlth-}
     1 | D        | Found the +8 lance "Wyrmbane" {slay drac, rPois rF+ rC+
                  | AC+3}
     1 | D        | Found the +9 sword of Zonguldrok {reap}
     1 | D        | Found the cursed +13 scythe of Curses {drain, *Curse}
     1 | D        | Found the +0 sword of Power
     1 | D        | Found the +7 mace of Variability {chain chaos}
     1 | D        | Found the +7 Singing Sword {vorpal, sonic wave}
     1 | D        | Found the +8 storm bow {elec, penet}
     2 | D        | Found a transporter.
     2 | D        | Found an ancient bone altar of Kikubaaqudgha.
     2 | D        | Found a viscous altar of Jiyva.
     2 | D        | Found a corrupted altar of Lugonu.
     2 | D        | Found a hazy altar of Hepliaklqana.
     2 | D        | Found a burning altar of Makhleb.
     2 | D        | Found an opulent altar of Gozag.
    68 | D        | Became a worshipper of Gozag Ym Sagoz the Greedy
    76 | D        | Entered arena 2.
    76 | D        | Found a transporter.
    80 | D        | Reached XP level 2. HP: 27/27 MP: 1/1
    93 | D        | Entered arena 3.
    93 | D        | Noticed a water moccasin
    93 | D        | Found a transporter.
   100 | D        | Killed a water moccasin
   100 | D        | Reached skill level 5 in Armour
   100 | D        | Reached skill level 5 in Shields
   100 | D        | Reached XP level 3. HP: 37/37 MP: 2/2
   100 | D        | Reached XP level 4. HP: 44/44 MP: 3/3
   108 | D        | Reached skill level 5 in Polearms
   108 | D        | Reached XP level 5. HP: 53/53 MP: 4/4
   113 | D        | Entered arena 4.
   113 | D        | Noticed a wretched star
   113 | D        | Found a transporter.
   133 | D        | Reached XP level 6. HP: 25/61 MP: 5/5
   139 | D        | Killed a wretched star
   139 | D        | Reached XP level 7. HP: 29/70 MP: 6/6
   146 | D        | Reached XP level 8. HP: 31/78 MP: 7/7
   350 | D        | Entered arena 5.
   350 | D        | Found a transporter.
   488 | D        | Entered arena 6.
   488 | D        | Found a transporter.
   503 | D        | Reached skill level 10 in Shields
   530 | D        | Got the Volume of Salt
   533 | D        | Entered arena 7.
   533 | D        | Noticed a wyvern
   533 | D        | Noticed a wyvern
   534 | D        | Found a transporter.
   539 | D        | Killed a wyvern
   545 | D        | Reached XP level 9. HP: 82/85 MP: 8/8
   560 | D        | Reached skill level 10 in Fighting
   578 | D        | Got the ring "Zitreab" {Ice +Blink}
   588 | D        | Entered arena 8.
   588 | D        | Noticed a yaktaur captain
   588 | D        | Noticed a vault guard
   588 | D        | Noticed a yaktaur
   588 | D        | Noticed a yaktaur captain
   588 | D        | Noticed a yaktaur
   590 | D        | Found a transporter.
   592 | D        | Killed a yaktaur
   592 | D        | Reached skill level 1 in Stealth
   593 | D        | Killed a yaktaur
   600 | D        | Killed a yaktaur captain
   600 | D        | Reached skill level 10 in Polearms
   600 | D        | Reached XP level 10. HP: 93/93 MP: 9/9
   612 | D        | Killed a vault guard
   620 | D        | Killed a yaktaur captain
   637 | D        | Got Sif Muna's Grimoire of Captivating Feathers
   641 | D        | Entered arena 9.
   642 | D        | Found the +2 hood of the Assassin {Detection Stab+ Stlth++}
   642 | D        | Found a transporter.
   646 | D        | Reached skill level 5 in Dodging
   770 | D        | Got the Catalogue of Stones and Flames
   778 | D        | Entered arena 10.
   778 | D        | Noticed a cyclops
   780 | D        | Found a transporter.
   785 | D        | Killed a cyclops
   785 | D        | Reached XP level 11. HP: 100/102 MP: 10/10
   787 | D        | Reached skill level 15 in Shields
  1005 | D        | Got the Compendium of Unstable Companions
  1019 | D        | Entered arena 11.
  1019 | D        | Noticed a spriggan rider
  1019 | D        | Noticed a spriggan druid
  1020 | D        | Found a transporter.
  1028 | D        | Killed a spriggan druid
  1028 | D        | Reached skill level 10 in Armour
  1066 | D        | Entered arena 12.
  1066 | D        | Noticed an ice dragon
  1066 | D        | Noticed a swamp dragon
  1067 | D        | Noticed a death drake
  1068 | D        | Found a transporter.
  1068 | D        | Noticed a death drake
  1071 | D        | Killed a death drake
  1071 | D        | Reached skill level 5 in Stealth
  1074 | D        | Killed a swamp dragon
  1076 | D        | Killed an ice dragon
  1076 | D        | Killed a death drake
  1221 | D        | Entered arena 13.
  1221 | D        | Noticed a fire crab
  1221 | D        | Noticed a manticore
  1221 | D        | Noticed a purple ugly thing
  1221 | D        | Noticed a two-headed ogre
  1221 | D        | Noticed a shining eye
  1221 | D        | Noticed a shining eye
  1222 | D        | Noticed a moth of wrath
  1222 | D        | a jumping spider changed into a moth of wrath
  1223 | D        | Found a transporter.
  1223 | D        | a two-headed ogre changed into a dream sheep
  1225 | D        | Noticed a boulder beetle
  1225 | D        | a slime creature changed into a boulder beetle
  1225 | D        | Noticed a shining eye
  1225 | D        | a slime creature changed into a shining eye
  1225 | D        | a fire crab changed into a golden eye
  1226 | D        | a manticore changed into a merfolk
  1228 | D        | a moth of wrath changed into a water nymph
  1230 | D        | Noticed a satyr
  1230 | D        | a boulder beetle changed into a satyr
  1230 | D        | Noticed a two-headed ogre
  1230 | D        | a shining eye changed into a two-headed ogre
  1233 | D        | Killed a shining eye
  1234 | D        | Killed a shining eye
  1236 | D        | a satyr changed into a slime creature
  1236 | D        | Noticed a moth of wrath
  1236 | D        | a merfolk changed into a moth of wrath
  1237 | D        | Reached XP level 12. HP: 113/113 MP: 11/11
  1242 | D        | Killed a two-headed ogre
  1244 | D        | Noticed a shock serpent
  1244 | D        | a slime creature changed into a shock serpent
  1250 | D        | Killed a shock serpent
  1250 | D        | Reached skill level 5 in Evocations
  1290 | D        | Entered arena 14.
  1291 | D        | Noticed a spriggan berserker
  1291 | D        | Noticed a spriggan berserker
  1291 | D        | Noticed a spriggan berserker
  1291 | D        | Noticed a spriggan berserker
  1291 | D        | Noticed a spriggan berserker
  1293 | D        | Found a transporter.
  1294 | D        | Noticed a death yak
  1295 | D        | Noticed a death yak
  1298 | D        | Killed a spriggan berserker
  1299 | D        | Killed a spriggan berserker
  1300 | D        | Killed a spriggan berserker
  1301 | D        | Killed a spriggan berserker
  1302 | D        | Killed a spriggan berserker
  1463 | D        | Got the amulet of Cenajias {Inacc rF++ Str+4 Int-5}
  1469 | D        | Got Advanced Steps in Witchery
  1475 | D        | Entered arena 15.
  1476 | D        | Noticed a fire giant
  1476 | D        | Noticed a fire dragon
  1476 | D        | Noticed a fire giant
  1477 | D        | Noticed a hell hog
  1477 | D        | Noticed a fire giant
  1478 | D        | Found a transporter.
  1489 | D        | Killed a hell hog
  1503 | D        | Killed a fire dragon
  1510 | D        | Killed a fire giant
  1515 | D        | Reached XP level 13. HP: 44/123 MP: 12/12
  1516 | D        | Killed a fire giant
  1529 | D        | Killed a fire giant
  1824 | D        | Entered arena 16.
  1825 | D        | Noticed a shadow dragon
  1825 | D        | Noticed a ghoul
  1826 | D        | Noticed a ghoul
  1826 | D        | Noticed a ghoul
  1827 | D        | Found a transporter.
  1845 | D        | Killed a shadow dragon
  1850 | D        | Killed a ghoul
  1850 | D        | Reached skill level 10 in Stealth
  1851 | D        | Killed a ghoul
  1853 | D        | Killed a ghoul
  2035 | D        | Entered arena 17.
  2039 | D        | Noticed a brown very ugly thing
  2039 | D        | Found a transporter.
  2043 | D        | Killed a brown very ugly thing
  2183 | D        | Got Wepseazo's Disquisition on the Supportive Arsonist
  2203 | D        | Got Sorcery Continued
  2205 | D        | Entered arena 18.
  2209 | D        | Found the +12 glaive of Prune {vorpal}
  2209 | D        | Found a transporter.
  2227 | D        | Reached XP level 14. HP: 130/133 MP: 13/13
  2287 | D        | Entered arena 19.
  2290 | D        | Noticed a white draconian
  2290 | D        | Noticed a purple draconian
  2290 | D        | Noticed a death cob
  2290 | D        | Noticed a purple draconian
  2290 | D        | Noticed a shadow dragon
  2290 | D        | Noticed a red draconian
  2290 | D        | Noticed a red draconian
  2290 | D        | Noticed a yellow draconian
  2290 | D        | Noticed a quicksilver dragon
  2290 | D        | Noticed a red draconian
  2290 | D        | Noticed a red draconian
  2291 | D        | Noticed an Orb Guardian
  2291 | D        | Found a transporter.
  2291 | D        | Noticed a green draconian
  2291 | D        | Identified the +10 battleaxe of Vopnil {freeze, *Contam
                  | +Blink rElec Int+3}
  2291 | D        | Noticed a white draconian
  2291 | D        | Noticed a green draconian
  2291 | D        | Noticed a purple draconian
  2291 | D        | Noticed a purple draconian
  2291 | D        | Noticed a green draconian
  2291 | D        | Identified the +3 mace "Nueh" {antimagic, Str+3}
  2291 | D        | Noticed a green draconian
  2292 | D        | Found the +4 moon troll leather armour {Spirit, Regen++
                  | MP+5}
  2296 | D        | Killed a death cob
  2296 | D        | Reached skill level 15 in Fighting
  2296 | D        | Reached skill level 15 in Polearms
  2298 | D        | Killed a white draconian
  2301 | D        | Killed a purple draconian
  2301 | D        | Killed a red draconian
  2303 | D        | Killed a shadow dragon
  2304 | D        | Killed a quicksilver dragon
  2304 | D        | Killed a purple draconian
  2304 | D        | Killed a green draconian
  2306 | D        | Killed a purple draconian
  2306 | D        | Killed an Orb Guardian
  2306 | D        | Reached skill level 10 in Evocations
  2307 | D        | Killed a red draconian
  2307 | D        | Killed a green draconian
  2307 | D        | Killed a green draconian
  2308 | D        | Killed a red draconian
  2308 | D        | Killed a purple draconian
  2309 | D        | Killed a white draconian
  2311 | D        | Killed a red draconian
  2313 | D        | Killed a green draconian
  2316 | D        | Killed a yellow draconian
  2421 | D        | Entered arena 20.
  2424 | D        | Bought 2 potions of experience for 1500 gold pieces
  2424 | D        | Bought a potion of mutation for 120 gold pieces
  2424 | D        | Bought a potion of invisibility for 120 gold pieces
  2424 | D        | Bought a potion of might for 60 gold pieces
  2424 | D        | Bought a potion of curing for 45 gold pieces
  2424 | D        | Bought 2 potions of flight for 90 gold pieces
  2424 | D        | Bought a potion of lignification for 45 gold pieces
  2424 | D        | Bought a potion of mutation for 120 gold pieces
  2424 | D        | Bought a potion of degeneration for 15 gold pieces
  2427 | D        | Reached XP level 15. HP: 144/144 MP: 14/14
  2428 | D        | Reached XP level 16. HP: 151/151 MP: 15/15
  2430 | D        | Bought the ring of the Original Sin {*Drain +Fly rF+ Int+6
                  | Slay+6 Stlth+} for 829 gold pieces
  2430 | D        | Bought the brooch of Shielding {Spirit SH+8} for 712 gold
                  | pieces
  2430 | D        | Found the brooch of Shielding {Spirit SH+8}
  2442 | D        | Bought a scroll of magic mapping for 56 gold pieces
  2442 | D        | Bought a scroll of silence for 120 gold pieces
  2447 | D        | Found a transporter.
  2469 | D        | Reached XP level 17. HP: 145/159 MP: 13/16
  2562 | D        | Got the amulet "Edyps" {RegenMP rPois Str+3 Dex+3 SInv}
  2586 | D        | Got the ring "Xajutemu" {rCorr Int+4}
  2617 | D        | Entered arena 21.
  2622 | D        | Noticed a titan
  2623 | D        | Noticed a shard shrike
  2623 | D        | Noticed a shard shrike
  2623 | D        | Noticed a shard shrike
  2623 | D        | Noticed an iron giant
  2623 | D        | Noticed a shard shrike
  2623 | D        | a glowing shapeshifter changed into a shard shrike
  2624 | D        | Found a transporter.
  2624 | D        | Noticed a shard shrike
  2624 | D        | a glowing shapeshifter changed into a shard shrike
  2624 | D        | Noticed a juggernaut
  2624 | D        | a shard shrike changed into a juggernaut
  2624 | D        | Noticed a quicksilver dragon
  2624 | D        | an iron giant changed into a quicksilver dragon
  2624 | D        | Noticed a juggernaut
  2624 | D        | a shard shrike changed into a juggernaut
  2625 | D        | Noticed a titan
  2625 | D        | a shard shrike changed into a titan
  2626 | D        | Noticed a shard shrike
  2626 | D        | a titan changed into a shard shrike
  2627 | D        | Reached skill level 15 in Armour
  2627 | D        | Killed a shard shrike
  2628 | D        | Killed a shard shrike
  2628 | D        | Noticed a titan
  2628 | D        | a juggernaut changed into a titan
  2629 | D        | Noticed a caustic shrike
  2629 | D        | a juggernaut changed into a caustic shrike
  2631 | D        | Noticed a titan
  2631 | D        | a shard shrike changed into a titan
  2631 | D        | Killed a quicksilver dragon
  2632 | D        | Killed a titan
  2635 | D        | Noticed an acid blob
  2635 | D        | a titan changed into an acid blob
  2637 | D        | Noticed an iron giant
  2637 | D        | an acid blob changed into an iron giant
  2637 | D        | Noticed a shard shrike
  2637 | D        | a titan changed into a shard shrike
  2639 | D        | Noticed a golden dragon
  2639 | D        | an iron giant changed into a golden dragon
  2643 | D        | Noticed a juggernaut
  2643 | D        | a shard shrike changed into a juggernaut
  2644 | D        | Killed a golden dragon
  2649 | D        | Noticed an acid blob
  2649 | D        | a juggernaut changed into an acid blob
  2653 | D        | Killed a caustic shrike
  2653 | D        | Noticed a golden dragon
  2653 | D        | an acid blob changed into a golden dragon
  2659 | D        | Killed a golden dragon
  2798 | D        | Got Sif Muna's Papyrus of Feathery Unholy Arts
  2811 | D        | Got the Guide on Evil and Toxins
  2837 | D        | Got the Grimoire of Sinister Rituals and the Birds
  2856 | D        | Acquired a scarf of resistance
  2872 | D        | Entered arena 22.
  2998 | D        | Found a transporter.
  3050 | D        | Got the amulet "Esais" {Inacc Dex+2}
  3073 | D        | Got the Collected Works on the Ashen Arsonist
  3089 | D        | Entered arena 23.
  3098 | D        | Noticed a Tzitzimitl
  3115 | D        | Killed a Tzitzimitl
  3115 | D        | Reached skill level 15 in Evocations
  3117 | D        | Reached XP level 18. HP: 166/173 MP: 17/17
  3167 | D        | Found a transporter.
  3202 | D        | Got the amulet "Fois" {Faith Slay+6}
  3224 | D        | Got the amulet of Greed {MR+ Regen+ SInv}
  3237 | D        | Got the Compendium of the Captivating Rocks
  3243 | D        | Got Jewonir's Almanac of Hexes
  3266 | D        | Entered arena 24.
  3273 | D        | Found the +8 whip "Snakebite" {curare, rPois}
  3275 | D        | Found a transporter.
  3277 | D        | Reached skill level 27 in Shields
  3450 | D        | Got the amulet of Midnight {Spirit Fragile rPois MR+ Dex+5}
  3514 | D        | Got the ring "Anypn" {Str+4 Dex+6}
  3525 | D        | Entered arena 25.
  3533 | D        | Noticed a deep elf master archer
  3534 | D        | Noticed a deep elf blademaster
  3534 | D        | Identified the ring of Benovaar {Wiz Int+10 Dex-3 Slay+3}
  3534 | D        | Noticed a deep elf blademaster
  3534 | D        | Noticed a deep elf blademaster
  3534 | D        | Noticed a deep elf blademaster
  3534 | D        | Noticed a deep elf master archer
  3534 | D        | Noticed a deep elf blademaster
  3534 | D        | Noticed a deep elf blademaster
  3534 | D        | Noticed a deep elf blademaster
  3534 | D        | Noticed a deep elf blademaster
  3535 | D        | Identified the +1 leather armour of Jemeib {rPois rF+ rC+
                  | Dex-4}
  3535 | D        | Identified the +7 trident "Sasm" {pain, MR+ Int+3}
  3535 | D        | Found a transporter.
  3544 | D        | Killed a deep elf master archer
  3546 | D        | Killed a deep elf blademaster
  3547 | D        | Killed a deep elf blademaster
  3547 | D        | Reached skill level 15 in Stealth
  3548 | D        | Killed a deep elf blademaster
  3549 | D        | Killed a deep elf blademaster
  3552 | D        | Killed a deep elf blademaster
  3552 | D        | Killed a deep elf blademaster
  3552 | D        | Reached XP level 19. HP: 191/191 MP: 15/18
  3605 | D        | Got the ring of Asidiusch {rC+ MP+9 Stlth+}
  3619 | D        | Got the Tome of the Igneous Snowflakes
  3708 | D        | Entered arena 26.
  3721 | D        | Identified the amulet "Yri Aweck" {Acrobat rPois Dex+4}
  3721 | D        | Identified the +6 mace "Ynolup" {vorpal, rElec}
  3721 | D        | Identified the ring "Josuy" {Int-3 Dex+6 SInv}
  3740 | D        | Reached XP level 20. HP: 206/206 MP: 17/19
  3753 | D        | Found the +8 frozen axe "Frostbite" {freezing cloud, *Noise
                  | +Fly rC+}
  3754 | D        | Found a transporter.
  3923 | D        | Got the Grimoire of Feathery Ice
  3925 | D        | Entered arena 27.
  3935 | D        | Found the +8 autumn katana {vorpal, Clar}
  3935 | D        | Identified the +9 great sword "Loran" {freeze, +Inv Str+5
                  | Stlth+}
  3935 | D        | Identified the ring of Weutuca {rPois EV+4}
  3936 | D        | Found a transporter.
  3945 | D        | Reached skill level 10 in Dodging
  3949 | D        | Reached skill level 27 in Evocations
  3952 | D        | Reached XP level 21. HP: 217/217 MP: 15/20
  4094 | D        | Got the Handbook of Confrontation
  4148 | D        | Got Zuote's Papyrus of Shifting Heat
  4165 | D        | Entered arena 28.
  4169 | D        | Bought a scroll labeled SIWORCH WADUENEOG for 46 gold
                  | pieces
  4169 | D        | Bought a pair of smoking gloves for 437 gold pieces
  4178 | D        | Identified the +2 pair of gloves of the Kangaroo {Harm rC-
                  | Int+10 Dex-3} (You bought it in a shop in the Dungeon)
  4183 | D        | Bought a scroll of fog for 92 gold pieces
  4203 | D        | Found a transporter.
  4427 | D        | Got the Disquisition on Flying Clay
  4437 | D        | Got the Tome of Shape Shifting and Clay
  4450 | D        | Got Dunec's Compendium of Supportive Confrontation
  4452 | D        | Got the Volume of the Floating Blaze
  4458 | D        | Got the Papyrus of Conjuration
  4464 | D        | Got the Compendium of the Frostbite
  4468 | D        | Got the Incunabulum of the Creative Compass
  4470 | D        | Got Sif Muna's Papyrus of Venomous Malediction
  4499 | D        | Got the Orb of Zot
  4504 | D        | Escaped with the Orb!

Illustrated notes

Levels and vault maps discovered:
D:        sprint_v [room_start, room_1, room_2, room_3, room_4, room_5, room_6,
          room_7, room_8, room_9, room_10, room_11, room_12, room_13, room_14,
          room_15, room_16, room_17, room_18, room_19, room_20, room_21,
          room_22, room_23, room_24, room_25, room_26, room_27]

Skill      XL: |  1  2  3  4  5  6  7  8  9 10 11 12 13 14 15 16 17 18 19 20 21 |
---------------+----------------------------------------------------------------+-----
Fighting       | 4 6 7 8 9 10 11 12 13 14 16 18 21 24 25 | 25.5
Polearms       | 2 3 5 6 8 10 11 13 14 15 16 20 22 23 24 | 24.2
Armour         | 3 5 6 8 9 10 11 13 14 18 20 22 24 26 | 26.1
Shields        | 3 5 6 9 10 12 14 16 18 20 22 26 27 | 27.0
Dodging        | 3 4 5 6 7 9 10 | 10.7
Evocations     | 2 3 4 6 7 11 15 19 23 27 | 27.0
Stealth        | 1 3 7 9 10 12 14 16 21 25 26 | 26.8

Action                   |  1- 3 |  4- 6 |  7- 9 | 10-12 | 13-15 | 16-18 | 19-21 || total
-------------------------+-------+-------+-------+-------+-------+-------+-------++-------
Melee: Lance             |     9 |    21 |    79 |   122 |   107 |   118 |    32 ||   488
Invok: Call Merchant     |       |       |       |       |     1 |     3 |     1 ||     5
       Potion Petition   |       |       |       |       |       |     1 |       ||     1
Evoke: Lightning rod     |     2 |     4 |       |     4 |    10 |       |       ||    20
       Condenser vane    |       |       |     1 |     8 |     7 |    11 |     9 ||    36
       Tin of tremorston |       |       |       |       |     5 |    17 |    37 ||    59
       Phantom mirror    |       |       |       |       |     1 |       |       ||     1
  Use: Potion            |       |     1 |       |     3 |     6 |     2 |       ||    12
       Scroll            |       |       |       |       |       |     2 |     2 ||     4
 Stab: Confused          |       |       |     1 |     3 |     2 |       |       ||     6
       Invisible         |       |       |       |     2 |     1 |     3 |     1 ||     7
       Distracted        |       |       |       |       |     1 |       |     2 ||     3
Armor: Plate armour      |     2 |     6 |    18 |    37 |    56 |    48 |   114 ||   281
Dodge: Dodged            |       |     1 |     2 |    10 |    14 |     7 |    15 ||    49
Block: Kite shield       |    11 |    32 |    89 |   152 |   144 |   156 |   123 ||   707

Table legend: (Time is in decaauts)
 A = Elapsed time spent in this place.
 B = Non-inter-level travel time spent in this place.
 C = Inter-level travel time spent in this place.
 D = Time resting spent in this place.
 E = Time spent auto-exploring this place.
 F = Levels seen in this place.
 G = Mean time per level.
                   A        B        C        D        E       F      G
               +--------+--------+--------+--------+--------+-----+--------+
         Total |   4297 |   4297 |      0 |   2038 |    147 |   1 | 4297.0 |
       Dungeon |   4297 |   4297 |      0 |   2038 |    147 |   1 | 4297.0 |
               +--------+--------+--------+--------+--------+-----+--------+

Top non-repeatable levels by time:
       D: 4297 daAuts
